 Dungeon Crawl Stone Soup version 0.31-a0-236-g9a0961fb85 (webtiles) character file.

Game seed: 9139985276710275367

629 kraktruk the Sneak (level 7, -9/54 HPs)
             Began as a Demonspawn Conjurer on July 10, 2023.
             Mangled by a hornet (13 damage)
             ... on level 4 of the Dungeon.
             The game lasted 00:15:51 (6079 turns).

kraktruk the Sneak (Demonspawn Conjurer)            Turns: 6079, Time: 00:15:52

Health: -9/54      AC: 15    Str:  7    XL:     7   Next: 23%
Magic:  22/22      EV: 12    Int: 20    God:
Gold:   235        SH:  0    Dex: 13    Spells: 13/14 levels left

rFire   . . .        l - +0 whip
rCold   . . .        (no shield)
rNeg    . . .        a - +0 robe
rPois   .            (helmet restricted)
rElec   .            d - +1 cloak
rCorr   .            w - +0 pair of gloves
SInv    .            (no boots)
Will    .....        (no amulet)
Stlth   +++          i - +4 ring of protection
HPRegen 0.29/turn    u - ring of magical power
MPRegen 0.18/turn

%: no passive effects
@: lethally poisoned (-9 -> -25), sanguine armoured, slowed, very slow
A: antennae 1, ignite blood 1, sanguine armour 1
a: no special abilities


You were on level 4 of the Dungeon.
You visited 1 branch of the dungeon, and saw 5 of its levels.

You collected 235 gold pieces.

Inventory:

Hand Weapons
 g - a +0 dagger of flaming
 l - a +0 whip (weapon)
Armour
 a - a +0 robe (worn)
 d - a +1 cloak (worn)
 q - the +1 scale mail of Awimih {*Slow Fly rC- Int+9}
   (You found it on level 3 of the Dungeon)

   Int:       It affects your intelligence (+9).
   rC:        It makes you vulnerable to cold.
   Fly:       It grants you flight.
   *Slow:     It may slow you when you take damage.
 w - a +0 pair of gloves (worn)
Magical Staves
 r - a staff of earth
Jewellery
 i - a +4 ring of protection (left hand)
 j - a ring of fire
 u - a ring of magical power (right hand)
 v - a ring of magical power
Wands
 n - a wand of polymorph (6)
Scrolls
 c - a scroll of poison
 h - a scroll of teleportation
 s - a scroll of fog
Potions
 b - a potion of magic
 e - 2 potions of curing
 f - a potion of brilliance {unknown}
 k - 2 potions of mutation
 m - a potion of attraction {unknown}
 o - a potion of degeneration {unknown}
 p - a potion of resistance {unknown}
 t - a potion of ambrosia {unknown}


   Skills:
 - Level 4.2 Fighting
 + Level 1.8 Maces & Flails
 - Level 1.7 Dodging
 - Level 4.6 Stealth
 - Level 4.2 Spellcasting
 - Level 4.0 Conjurations


You had 13 spell levels left.
You knew the following spells:

 Your Spells              Type           Power      Damage    Failure   Level
a - Magic Dart            Conj           80%        1d7       2%          1

Your spell library contained the following spells:

 Spells                   Type           Power      Damage    Failure   Level
 Searing Ray              Conj           40%        2d5       3%          2
 Foxfire                  Conj/Fire      48%        2x1d6     5%          1
 Slow                     Hex            16%        N/A       13%         1
 Dazzling Flash           Conj/Hex       24%        N/A       17%         3
 Confusing Touch          Hex            4%         N/A       36%         3
 Ozocubu's Armour         Ice            4%         N/A       36%         3
 Vampiric Draining        Necr           4%         2d6       36%         3
 Fulminant Prism          Conj/Hex       6%         3d7       50%         4
 Iskenderun's Mystic Bla  Conj/Tloc      12%        2d5       50%         4
 Fireball                 Conj/Fire      6%         3d5       83%         5
 Plasma Beam              Fire/Air       2%         2x1d12    100%        6
 Starburst                Conj/Fire      6%         6d4       100%        6
 Ozocubu's Refrigeration  Ice            2%         4d7       100%        7


Dungeon Overview and Level Annotations

Branches:
Dungeon (5/15)
 Temple: D:4-7

Altars:
Qazlal

Shops:
D:2 [

Annotations:
D:2 Sigmund


Innate Abilities, Weirdness & Mutations

You have a pair of small antennae on your head.
Your demonic aura sometimes causes spilled blood to erupt in flames.
When seriously injured, your blood forms armour. (AC +6)


Message History

The magic dart hits the quokka.
The quokka is moderately wounded.
The quokka bites you. The hornet stings you.
You suddenly lose the ability to move!
You can move again.
The quokka closely misses you. The hornet stings you!
You are poisoned.
You feel yourself slow down.
The quokka bites you but does no damage.
The hornet attacks as you move away! The hornet stings you.
You feel as though you will be slow longer.
You feel very sick. The hornet stings you!
Your blood congeals into armour.
You feel as though you will be slow longer.
You feel very sick.
You feel sick. The hornet attacks as you move away! The hornet stings you!
* * * LOW HITPOINT WARNING * * *
You are more poisoned.
You feel as though you will be slow longer.
* * * LOW HITPOINT WARNING * * *
You feel very sick.
The hornet stings you but does no damage.
The hornet barely misses you.
Okay, then.
You feel better. The hornet stings you!
* * * LOW HITPOINT WARNING * * *
You are poisoned.
You feel as though you will be slow longer.
The quokka closely misses you.
The hornet stings you but does no damage.
The quokka bites you but does no damage.
The quokka attacks as you move away! The quokka closely misses you.
You feel very sick. The hornet stings you.
* * * LOW HITPOINT WARNING * * *
You are more poisoned.
You feel as though you will be slow longer.
The hornet stings you!
You die...

#.##.....##########.
#.##.....'..........
#.##....)#######....
#.##.....# #........
#.##.....# #.##...#.
#.##.....# #.##...#.
######.##.....###......#.
#..)...#ry.#.......##..#.
#.######@###>.>........##
#####'#+####.# #.#....###....
#............# #.#.######..##
#..........#####.#..#.......#
#..........#........#.###...#
#..........#.###.#..#.# #...#
#####'#.####.#
#รท#..#.###.#..
#.#.####.###'#..#.#.....#
#.#.#.............#.#.###


You could see a hornet and a quokka.

Vanquished Creatures
  A black bear (D:5)
  A bullfrog (D:5)
  A scorpion (D:5)
  A wight (D:5)
  3 hounds (D:5)
  An iguana (D:5)
  2 orc wizards (D:5)
  8 adders
  3 river rats
  An ufetubus (D:3)
  A worm (D:3)
  A dart slug (D:3)
  6 orcs
  4 endoplasms
  A giant cockroach (D:4)
  10 goblins
  8 hobgoblins
  7 kobolds
  4 quokkas
  7 ball pythons
  6 bats
  4 frilled lizards
  9 rats
90 creatures vanquished.

Notes
Turn   | Place    | Note
-------+----------+-------------------------------------------
     0 | D:1      | kraktruk the Demonspawn Conjurer began the quest for the
                  | Orb.
     0 | D:1      | Reached XP level 1. HP: 13/13 MP: 3/3
   333 | D:1      | Gained mutation: Your demonic aura sometimes causes spilled
                  | blood to erupt in flames. [demonic ancestry]
   333 | D:1      | Reached XP level 2. HP: 19/19 MP: 3/5
  1188 | D:2      | Noticed Sigmund
  1321 | D:2      | Reached XP level 3. HP: 24/24 MP: 3/7
  1521 | D:2      | Found Iheguy's Armour Emporium.
  2598 | D:3      | Gained mutation: You have a pair of small antennae on your
                  | head. [demonic ancestry]
  2598 | D:3      | Reached XP level 4. HP: 30/30 MP: 5/10
  2601 | D:3      | Found a faded altar of an unknown god.
  3051 | D:3      | Identified the +1 scale mail of Awimih {*Slow Fly rC-
                  | Int+9}
  3504 | D:4      | Reached skill level 1 in Fighting
  3923 | D:4      | Found a stormy altar of Qazlal.
  4544 | D:5      | Entered Level 5 of the Dungeon
  4557 | D:5      | Noticed a scorpion
  4767 | D:5      | Killed a scorpion
  4768 | D:5      | Reached XP level 5. HP: 41/41 MP: 3/11
  5329 | D:5      | Gained mutation: When seriously injured, your blood forms
                  | armour. (AC +6) [demonic ancestry]
  5329 | D:5      | Reached XP level 6. HP: 48/48 MP: 6/12
  5771 | D:5      | Reached XP level 7. HP: 36/54 MP: 9/13
  5955 | D:5      | Reached skill level 1 in Maces & Flails
  6061 | D:5      | Noticed a hornet
  6072 | D:4      | Paralysed by a hornet for 1 turns
  6079 | D:4      | Mangled by a hornet

Illustrated notes

Levels and vault maps discovered:
D:1:      psy_arrival_dodecagon, layout_loops_corners
D:2:      layout_loops_ring, serial_shops, shop, serial_bayou_lagoon_b,
          uniq_sigmund
D:3:      layout_rooms, shapermc_ecumenical_altar_venn,
          chequers_serial_rivers_micro_e
D:4:      layout_basic, nicolae_qazlal_eye_of_the_storm
D:5:      lemuel_ratsnest, layout_gridville

Skill      XL: |  1  2  3  4  5  6  7 |
---------------+----------------------+-----
Spellcasting   | 3 4 |  4.2
Fighting       | 3 4 |  4.2
Stealth        | 4 |  4.6
Maces & Flails | 1 |  1.8
Dodging        | |  1.7
Conjurations   | |  4.0

Action                     |  1- 3 |  4- 6 |  7- 9 || total
---------------------------+-------+-------+-------++-------
  Melee: Dagger            |    23 |       |       ||    23
         Unarmed           |     5 |       |       ||     5
         Punch             |     1 |       |       ||     1
         Whip              |     1 |    37 |       ||    38
   Cast: Magic Dart        |    82 |   143 |    18 ||   243
    Use: Scroll            |       |     8 |       ||     8
         Potion            |       |       |     1 ||     1
 Armour: Robe              |    13 |    30 |     7 ||    50
  Dodge: Dodged            |    21 |    60 |    12 ||    93

Table legend: (Time is in decaauts)
 A = Elapsed time spent in this place.
 B = Non-inter-level travel time spent in this place.
 C = Inter-level travel time spent in this place.
 D = Time resting spent in this place.
 E = Time spent auto-exploring this place.
 F = Levels seen in this place.
 G = Mean time per level.
                   A        B        C        D        E       F      G
               +--------+--------+--------+--------+--------+-----+--------+
         Total |   6100 |   5921 |    179 |   2416 |   1870 |   5 | 1220.0 |
       Dungeon |   6100 |   5921 |    179 |   2416 |   1870 |   5 | 1220.0 |
               +--------+--------+--------+--------+--------+-----+--------+

Top non-repeatable levels by time:
     D:4: 1395 daAuts
     D:5: 1377 daAuts
     D:2: 1201 daAuts
     D:1: 1193 daAuts
     D:3: 932 daAuts
